 Dungeon Crawl Stone Soup version 0.27-a0-1137-g3ef0f4ec91 (webtiles) character file.

Game seed: 16607646306895463042

755 kae the Slasher (level 7, -2/52 HPs)
             Began as a Demonspawn Abyssal Knight on May 6, 2021.
             Was a Believer of Lugonu.
             Succumbed to a scorpion's poison
             ... on level 4 of the Dungeon.
             The game lasted 00:03:24 (6372 turns).

kae the Slasher (Demonspawn Abyssal Knight)         Turns: 6372, Time: 00:03:25

Health: -2/52      AC:  3    Str: 15    XL:     7   Next: 49%
Magic:  3/8        EV: 11    Int: 13    God:    Lugonu [**....]
Gold:   218        SH:  0    Dex: 12    Spells: 6/6 levels left

rFire    . . .     SeeInvis .   a - +3 falchion
rCold    . . .     Faith    .   (no shield)
rNeg     . . .     Spirit   +   b - +0 leather armour
rPois    .         Reflect  .   (no helmet)
rElec    .         Harm     .   (no cloak)
rCorr    .         Rampage  .   (no gloves)
Will     .....                  (no boots)
Stlth    +.........             n - amulet of guardian spirit
HPRegen  0.17/turn              (no ring)
MPRegen  0.22/turn              (no ring)

@: lethally poisoned (-2 -> -12)
A: hooves 2, powered by pain 1, magic regeneration
a: Renounce Religion, Depart the Abyss, Bend Space


You were on level 4 of the Dungeon.
You worshipped Lugonu.
Lugonu was pleased with you.
You visited 1 branch of the dungeon, and saw 5 of its levels.
You visited the Abyss 1 time.

You collected 218 gold pieces.

Inventory:

Hand Weapons
 a - a +3 falchion (weapon)
Armour
 b - a +0 leather armour (worn)
Jewellery
 c - an amulet of reflection
 d - a +6 ring of intelligence
 n - an amulet of guardian spirit (around neck)
Wands
 h - a wand of flame (12)
Scrolls
 f - 5 scrolls of teleportation
 i - a scroll of fog
 m - a scroll of vulnerability
Potions
 e - a potion of flight


   Skills:
 - Level 3.0 Fighting
 + Level 7.9 Long Blades
 - Level 1.7 Armour
 - Level 0.8 Dodging
 - Level 2.4 Invocations


You had 6 spell levels left.
You didn't know any spells.
Your spell library contained the following spells:

 Spells                   Type           Power      Damage    Failure   Level
 Animate Skeleton         Necr           0%         N/A       36%         1
 Apportation              Tloc           0%         N/A       36%         1
 Corona                   Hex            0%         N/A       36%         1
 Summon Small Mammal      Summ           0%         N/A       36%         1
 Call Imp                 Summ           0%         N/A       50%         2
 Call Canine Familiar     Summ           0%         N/A       75%         3
 Summon Guardian Golem    Hex/Summ       0%         N/A       75%         3
 Summon Ice Beast         Ice/Summ       0%         N/A       98%         4
 Summon Lightning Spire   Summ/Air       0%         N/A       98%         4


Dungeon Overview and Level Annotations

Branches:
Dungeon (5/15)
 Temple: D:4-7

Altars:
Fedhas
Makhleb

Shops:
D:4 =


Innate Abilities, Weirdness & Mutations

You have hoof-like feet.
You sometimes gain a little power by taking damage.
You regenerate magic rapidly.


Message History

The scorpion is moderately wounded.
You feel sick. The scorpion closely misses you.
You riposte.
You hit the scorpion.
The scorpion is moderately wounded.
You hit the scorpion. Your kick misses the scorpion.
The scorpion is severely wounded.
You feel sick. The scorpion stings you.
You are more poisoned.
The scorpion poisons you!
You hit the scorpion.
The scorpion is almost dead.
You feel very sick. The scorpion stings you.
You are lethally poisoned!
The scorpion poisons you!
You barely miss the scorpion.
You kick the scorpion, but do no damage.
The scorpion is almost dead.
* * * LOW HITPOINT WARNING * * *
You feel very sick. The scorpion stings you.
* * * LOW HITPOINT WARNING * * *
You hit the scorpion but do no damage.
The scorpion is almost dead.
* * * LOW HITPOINT WARNING * * *
You feel very sick. The scorpion misses you.
You riposte.
You closely miss the scorpion. You kick the scorpion.
The scorpion is almost dead.
Okay, then.
You hit the scorpion.
You kill the scorpion!
Lugonu accepts your kill.
* * * LOW HITPOINT WARNING * * *
You feel very sick.
* * * LOW HITPOINT WARNING * * *
You feel very sick.
Things that are here:
a scorpion corpse; a scorpion corpse You die...

#.......+.......<.'......<.......
##...####.........####........###
##.## ##.......## ##.#.###.#
###.#######.....## #.#.# #.#
........# ##...## #.#.# #.#
###.###.# ##'## #...# #.# # #.#
#.# #.# #.### #.#
###.###.#####.#########.# #.#
##........##....@†>..##.#####.#
##.#.##.#.##...#####.##.......#
........#.#.....# #.##.#######
##.#.####.##...### #.##†#
#.#.##..........###.##.#
#......#>##.###........#
###.####.##.#######.####
#......##.........#
#########.........#


There were no monsters in sight!

Vanquished Creatures
  A black bear (D:4)
  3 scorpions (D:4)
  A killer bee (D:4)
  A howler monkey (D:4)
  A bullfrog skeleton (D:3)
  A hound (D:4)
  A centaur skeleton (D:4)
  A gnoll shaman (D:4)
  An iguana (D:4)
  Natasha (thrice) (D:3)
  A hound skeleton (D:4)
  7 gnolls
  3 adders (D:3)
  A white imp (D:4)
  A dart slug (D:3)
  10 orcs
  5 bats
  8 endoplasms
  4 giant cockroaches
  A goblin (D:2)
  5 hobgoblins
  10 jackals
  7 kobolds
  A quokka (D:1)
  3 ball pythons
  6 frilled lizards
  7 rats
94 creatures vanquished.

Notes
Turn   | Place    | Note
-------+----------+-------------------------------------------
     0 | Abyss:1  | kae the Demonspawn Abyssal Knight began the quest for the
                  | Orb.
     0 | Abyss:1  | Reached XP level 1. HP: 18/18 MP: 2/2
     8 | Abyss:1  | Found a corrupted altar of Lugonu.
    34 | Abyss:1  | Noticed a large abomination
    39 | D:1      | Escaped the Abyss
    82 | D:1      | Reached skill level 2 in Long Blades
   333 | D:1      | Gained mutation: You regenerate magic rapidly. [demonic
                  | ancestry]
   333 | D:1      | Reached XP level 2. HP: 24/24 MP: 3/3
  1008 | D:1      | Reached skill level 3 in Long Blades
  1251 | D:2      | Reached * piety under Lugonu
  1261 | D:2      | Gained mutation: You have large cloven feet. [demonic
                  | ancestry]
  1261 | D:2      | Reached XP level 3. HP: 20/29 MP: 4/4
  1881 | D:2      | Found a faded altar of an unknown god.
  1933 | D:3      | Noticed Natasha
  1943 | D:3      | Killed Natasha
  2169 | D:3      | Reached skill level 4 in Long Blades
  2169 | D:3      | Gained mutation: You have hoof-like feet. [demonic
                  | ancestry]
  2169 | D:3      | Reached XP level 4. HP: 23/35 MP: 5/5
  2956 | D:3      | Noticed Natasha
  2968 | D:3      | Killed Natasha
  2969 | D:3      | Gained mutation: You sometimes gain a little power by
                  | taking damage. [demonic ancestry]
  2969 | D:3      | Reached XP level 5. HP: 17/41 MP: 6/6
  3158 | D:3      | Reached skill level 5 in Long Blades
  3396 | D:3      | Noticed Natasha
  3402 | D:3      | Killed Natasha
  4205 | D:4      | Reached ** piety under Lugonu
  4208 | D:4      | Reached XP level 6. HP: 41/47 MP: 7/7
  4402 | D:4      | Found a blossoming altar of Fedhas.
  4403 | D:4      | Found a burning altar of Makhleb.
  4481 | D:4      | Reached skill level 6 in Long Blades
  4760 | D:4      | Found Xacad's Jewellery Shop.
  5663 | D:5      | Entered Level 5 of the Dungeon
  5684 | D:4      | Reached skill level 7 in Long Blades
  5684 | D:4      | Reached XP level 7. HP: 22/52 MP: 5/8
  6134 | D:5      | Noticed a wraith
  6371 | D:4      | HP: 1/52 [poisoned by a scorpion]
  6372 | D:4      | Succumbed to a scorpion's poison

Illustrated notes

Levels and vault maps discovered:
D:1:      psy_arrival_whirlpool, layout_loops_ring, minmay_pentomino_r4
D:2:      layout_basic, ebering_ecumenical_altar_sacrificial, chequers_garden
D:3:      layout_loops_ring, nicolae_overflow_hidden_temple,
          minmay_misc_feat_roman, uniq_natasha
D:4:      layout_loops_corners, gammafunk_temple_overflow_statue, serial_shops,
          nicolae_shop_temple_entry_statues_fountains
D:5:      cheibrodos_fzero, layout_cave_pools, serial_column_ruins,
          column_ruins_square_small, column_ruins_square_small,
          column_ruins_grid_3, column_ruins_open_small, column_ruins_open_tiny,
          column_ruins_grid_1, column_ruins_open_tiny, column_ruins_open_large,
          grunt_ministairs_2, abandoned_shop, uniq_crazy_yiuf_cottage

Skill      XL: |  1  2  3  4  5  6 |
---------------+-------------------+-----
Long Blades    | 2 3 4 5 7 |  7.9
Fighting       | |  3.0
Armour         | |  1.7
Dodging        | |  0.8
Invocations    | |  2.4

Action                   |  1- 3 |  4- 6 |  7- 9 || total
-------------------------+-------+-------+-------++-------
Melee: Falchion          |    92 |   170 |    30 ||   292
       Kick              |     5 |    40 |     8 ||    53
Invok: Depart the Abyss  |     1 |       |       ||     1
  Use: Scroll            |     6 |     4 |       ||    10
       Potion            |       |     5 |       ||     5
 Stab: Sleeping          |     1 |       |       ||     1
Armor: Leather armour    |    19 |    32 |     3 ||    54
       Skin              |       |    13 |     5 ||    18
Dodge: Dodged            |    64 |    91 |    19 ||   174
Block: Other             |     3 |    40 |       ||    43
       Rpst.: Falchion   |    17 |    22 |     5 ||    44

Table legend: (Time is in decaauts)
 A = Elapsed time spent in this place.
 B = Non-inter-level travel time spent in this place.
 C = Inter-level travel time spent in this place.
 D = Time resting spent in this place.
 E = Time spent auto-exploring this place.
 F = Levels seen in this place.
 G = Mean time per level.
                   A        B        C        D        E       F      G
               +--------+--------+--------+--------+--------+-----+--------+
         Total |   6394 |   6198 |    196 |   1255 |   4212 |   6 | 1065.7 |
       Dungeon |   6355 |   6159 |    196 |   1255 |   4178 |   5 | 1271.0 |
         Abyss |     39 |     39 |      0 |      0 |     34 |   1 |   39.0 |
               +--------+--------+--------+--------+--------+-----+--------+

Top non-repeatable levels by time:
     D:4: 2448 daAuts
     D:3: 1590 daAuts
     D:1: 1158 daAuts
     D:2: 1137 daAuts
 Abyss:1: 39 daAuts
     D:5: 19 daAuts
